General information
- name: BNet
- type: Ladder 1vs1/FFA
- host: Battle.net
- saver: carloooooooooo
map: MarketSquare
- players: 4
- length: 46:27
- speed: Fast
- version: 1.24 W3XP
- replay type: Public
» download(210 KB)
Players
team 1 (loser)
Player 1 (
yellow | 48 APM | 2217 actions | 46:26)
5 Blademaster
2 Wind Walk
3 Critical Strike
3 Shadow Hunter
2 Healing Wave
1 Hex
2 Tauren Chieftain
1 Endurance Aura
1 Shockwave
» actions
| Assign group hotkey | 64 | |
| Basic commands | 1 | |
| Build / train | 133 | |
| Enter build submenu | 29 | |
| Enter hero's abilities submenu | 11 | |
| Give item / drop item | 3 | |
| Remove unit from queue | 6 | |
| Right click | 795 | |
| Select / deselect | 464 | |
| Select group hotkey | 563 | |
| Use ability | 148 | |
2217 total
» units
| Peon | 20 | |
| Grunt | 8 | |
| Shaman | 8 | |
| Troll Witch Doctor | 5 | |
| Tauren | 9 | |
| Troll Batrider | 12 | |
| Spirit Walker | 6 | |
| Demolisher | 1 | |
69 total
» upgrades
| Melee Weapons | 3 | |
| Armor | 3 | |
| Spiked Barricades | 1 | |
| Pillage | 1 | |
| Berserker Strength | 1 | |
| Shaman Training | 2 | |
| Witch Doctor Training | 3 | |
| Reinforced Defenses | 1 | |
| Liquid Fire | 1 | |
| Spirit Walker Training | 2 | |
| Troll Regeneration | 1 | |
| Ranged Weapons | 2 | |
| Pulverize | 1 | |
| Burning Oil | 1 | |
23 total
» buildings
| Altar of Storms | 1 | |
| Orc Burrow | 9 | |
| War Mill | 1 | |
| Barracks | 1 | |
| Stronghold | 1 | |
| Voodoo Lounge | 2 | |
| Watch Tower | 13 | |
| Fortress | 1 | |
| Spirit Lodge | 1 | |
| Tauren Totem | 1 | |
| Beastiary | 1 | |
| Great Hall | 1 | |
33 total
» build order
00:05 Altar of Storms
00:08 Orc Burrow
01:01 Orc Burrow
01:05 War Mill
02:04 Orc Burrow
02:34 Barracks
03:39 Stronghold
03:55 Voodoo Lounge
04:18 Orc Burrow
05:19 Watch Tower
06:06 Fortress
06:31 Watch Tower
07:02 Orc Burrow
08:03 Spirit Lodge
10:44 Tauren Totem
13:44 Watch Tower
13:46 Watch Tower
13:47 Watch Tower
13:58 Watch Tower
14:00 Watch Tower
14:08 Orc Burrow
15:14 Beastiary
18:31 Orc Burrow
18:31 Orc Burrow
26:17 Watch Tower
26:19 Watch Tower
30:23 Watch Tower
33:05 Great Hall
33:09 Watch Tower
33:12 Watch Tower
33:14 Watch Tower
33:17 Orc Burrow
38:43 Voodoo Lounge
» items
| Healing Salve | 4 | |
| Lesser Clarity Potion | 2 | |
| Scroll of Speed | 3 | |
| Orb of Lightning | 3 | |
| Tiny Great Hall | 1 | |
| Scroll of Town Portal | 5 | |
18 total
team 2 (loser)
Player 2 (
red | 109 APM | 2242 actions | 20:37)
3 Warden
2 Blink
1 Shadow Strike
3 Pandaren Brewmaster
1 Drunken Haze
2 Breath of Fire
1 Naga Sea Witch
1 Frost Arrows
» actions
| Assign group hotkey | 50 | |
| Build / train | 91 | |
| ESC pressed | 4 | |
| Enter build submenu | 19 | |
| Enter hero's abilities submenu | 12 | |
| Give item / drop item | 2 | |
| Right click | 929 | |
| Select / deselect | 720 | |
| Select group hotkey | 294 | |
| Use ability | 121 | |
2242 total
» units
| Wisp | 26 | |
| Archer | 17 | |
| Dryad | 5 | |
| Druid of the Claw | 2 | |
50 total
» upgrades
| Ultravision | 1 | |
| Strength of the Moon | 3 | |
| Reinforced Hides | 3 | |
| Improved Bows | 1 | |
| Abolish Magic | 1 | |
| Druid of the Claw Training | 2 | |
| Strength of the Wild | 3 | |
| Nature's Blessing | 1 | |
| Moon Armor | 1 | |
| Marksmanship | 1 | |
| Well Spring | 1 | |
| Mark of the Claw | 1 | |
19 total
» buildings
| Altar of Elders | 1 | |
| Moon Well | 10 | |
| Ancient of War | 1 | |
| Ancient of Wonders | 1 | |
| Hunter's Hall | 1 | |
| Tree of Ages | 1 | |
| Tree of Life | 2 | |
| Ancient of Lore | 3 | |
| Tree of Eternity | 1 | |
| Ancient of Wind | 1 | |
22 total
» build order
00:21 Altar of Elders
00:27 Moon Well
00:47 Ancient of War
01:46 Moon Well
02:07 Ancient of Wonders
04:18 Hunter's Hall
04:49 Tree of Ages
04:55 Moon Well
04:58 Moon Well
05:19 Moon Well
05:35 Moon Well
07:08 Tree of Life
07:43 Ancient of Lore
07:45 Ancient of Lore
07:48 Ancient of Lore
11:51 Tree of Eternity
12:56 Tree of Life
13:11 Moon Well
13:13 Moon Well
13:14 Moon Well
13:15 Moon Well
19:00 Ancient of Wind
» items
| Moonstone | 3 | |
| Dust of Appearance | 2 | |
| Staff of Preservation | 2 | |
| Lesser Clarity Potion | 1 | |
8 total
team 3 (loser)

»
Player 3 (
pink | 32 APM | 1446 actions | 44:50)
6 Blademaster
3 Wind Walk
2 Critical Strike
1 Bladestorm
» actions
| Basic commands | 12 | |
| Build / train | 122 | |
| Enter build submenu | 47 | |
| Enter hero's abilities submenu | 6 | |
| Give item / drop item | 1 | |
| Remove unit from queue | 2 | |
| Right click | 664 | |
| Select / deselect | 434 | |
| Use ability | 158 | |
1446 total
» units
| Peon | 23 | |
| Grunt | 4 | |
| Troll Batrider | 64 | |
91 total
» upgrades
| Spiked Barricades | 1 | |
| Armor | 3 | |
| Ranged Weapons | 3 | |
| Melee Weapons | 1 | |
| Berserker Strength | 1 | |
| Reinforced Defenses | 1 | |
| Liquid Fire | 1 | |
11 total
» buildings
| Altar of Storms | 1 | |
| Orc Burrow | 9 | |
| Barracks | 1 | |
| War Mill | 1 | |
| Voodoo Lounge | 1 | |
| Watch Tower | 25 | |
| Stronghold | 1 | |
| Fortress | 1 | |
| Beastiary | 2 | |
| Great Hall | 5 | |
47 total
» build order
00:20 Altar of Storms
00:36 Orc Burrow
01:05 Barracks
01:35 Orc Burrow
01:45 War Mill
02:28 Voodoo Lounge
02:31 Orc Burrow
02:59 Watch Tower
04:18 Orc Burrow
04:21 Stronghold
04:25 Watch Tower
04:36 Watch Tower
04:39 Watch Tower
05:22 Orc Burrow
05:41 Watch Tower
05:50 Watch Tower
06:56 Watch Tower
07:00 Watch Tower
07:03 Fortress
07:53 Beastiary
08:13 Watch Tower
09:50 Watch Tower
10:30 Beastiary
10:58 Watch Tower
11:42 Orc Burrow
12:12 Watch Tower
12:53 Orc Burrow
13:41 Watch Tower
15:30 Great Hall
16:04 Watch Tower
17:55 Watch Tower
18:11 Watch Tower
19:44 Orc Burrow
20:50 Great Hall
22:11 Watch Tower
22:16 Orc Burrow
23:19 Watch Tower
23:25 Watch Tower
26:23 Great Hall
26:29 Great Hall
31:16 Watch Tower
31:29 Watch Tower
32:23 Watch Tower
33:03 Watch Tower
34:44 Watch Tower
34:46 Watch Tower
36:56 Great Hall
» items
| Healing Salve | 4 | |
| Scroll of Town Portal | 3 | |
| Orb of Lightning | 1 | |
| Scroll of Healing | 1 | |
9 total
team 4 (winner)

»
carloooooooooo (
blue | 125 APM | 5794 actions | 46:27)
8 Archmage
3 Summon Water Elemental
3 Brilliance Aura
1 Mass Teleport
1 Blizzard
7 Mountain King
3 Storm Bolt
3 Bash
1 Avatar
6 Paladin
3 Holy Light
2 Divine Shield
1 Resurrection
» actions
| Assign group hotkey | 46 | |
| Basic commands | 39 | |
| Build / train | 205 | |
| ESC pressed | 6 | |
| Enter build submenu | 92 | |
| Enter hero's abilities submenu | 21 | |
| Give item / drop item | 6 | |
| Right click | 1845 | |
| Select / deselect | 1634 | |
| Select group hotkey | 1521 | |
| Use ability | 379 | |
5794 total
» units
| Peasant | 42 | |
| Footman | 4 | |
| Mortar Team | 6 | |
| Spell Breaker | 4 | |
| Priest | 5 | |
| Gryphon Rider | 10 | |
| Knight | 1 | |
| Flying Machine | 1 | |
| Dragonhawk Rider | 2 | |
| Sorceress | 2 | |
77 total
» upgrades
| Gunpowder | 3 | |
| Fragmentation Shards | 1 | |
| Lumber Harvesting | 2 | |
| Control Magic | 1 | |
| Storm Hammers | 1 | |
| Flare | 1 | |
| Animal War Training | 1 | |
| Plating | 3 | |
| Priest Training | 2 | |
| Masonry | 3 | |
| Swords | 3 | |
| Armor | 4 | |
| Magic Sentry | 1 | |
| Barrage | 1 | |
| Sorceress Training | 2 | |
| Flying Machine Bombs | 1 | |
| Flak Cannons | 1 | |
| Cloud | 1 | |
32 total
» buildings
| Altar of Kings | 1 | |
| Barracks | 1 | |
| Farm | 9 | |
| Arcane Vault | 1 | |
| Lumber Mill | 2 | |
| Keep | 1 | |
| Town Hall | 8 | |
| Scout Tower | 56 | |
| Blacksmith | 1 | |
| Arcane Tower | 7 | |
| Guard Tower | 36 | |
| Arcane Sanctum | 3 | |
| Workshop | 2 | |
| Castle | 1 | |
| Gryphon Aviary | 4 | |
| Cannon Tower | 1 | |
134 total
» build order
00:06 Altar of Kings
00:18 Barracks
00:33 Farm
00:48 Farm
02:06 Farm
02:23 Arcane Vault
03:01 Lumber Mill
04:01 Keep
04:41 Town Hall
04:44 Scout Tower
04:48 Scout Tower
05:00 Blacksmith
05:03 Farm
05:20 Arcane Tower
05:21 Guard Tower
06:49 Arcane Sanctum
06:50 Workshop
06:52 Castle
07:43 Farm
08:11 Arcane Sanctum
08:38 Gryphon Aviary
08:40 Farm
09:50 Scout Tower
09:57 Scout Tower
10:15 Scout Tower
10:22 Guard Tower
10:23 Scout Tower
10:33 Town Hall
10:44 Guard Tower
10:45 Arcane Tower
11:00 Guard Tower
11:23 Farm
12:47 Farm
15:19 Scout Tower
15:20 Scout Tower
15:21 Scout Tower
15:22 Scout Tower
15:23 Scout Tower
15:25 Scout Tower
15:29 Lumber Mill
16:12 Town Hall
17:16 Guard Tower
17:17 Guard Tower
17:17 Guard Tower
17:19 Cannon Tower
17:20 Arcane Tower
17:27 Scout Tower
17:27 Scout Tower
17:28 Scout Tower
17:29 Scout Tower
17:31 Scout Tower
17:43 Workshop
17:45 Gryphon Aviary
17:47 Arcane Sanctum
21:40 Guard Tower
21:40 Arcane Tower
22:29 Farm
22:31 Gryphon Aviary
23:14 Gryphon Aviary
23:16 Scout Tower
23:16 Scout Tower
23:37 Guard Tower
23:38 Scout Tower
23:39 Scout Tower
23:40 Scout Tower
23:40 Scout Tower
23:44 Scout Tower
23:45 Scout Tower
23:46 Scout Tower
23:51 Scout Tower
23:52 Scout Tower
23:52 Scout Tower
24:30 Guard Tower
24:31 Guard Tower
24:54 Guard Tower
24:55 Guard Tower
24:55 Guard Tower
25:11 Guard Tower
25:11 Guard Tower
25:12 Guard Tower
26:40 Town Hall
32:00 Scout Tower
32:14 Scout Tower
32:15 Scout Tower
32:16 Scout Tower
32:32 Guard Tower
33:24 Guard Tower
33:25 Arcane Tower
34:32 Scout Tower
34:32 Scout Tower
34:33 Scout Tower
34:33 Scout Tower
34:34 Scout Tower
35:34 Guard Tower
35:34 Guard Tower
35:34 Guard Tower
36:27 Guard Tower
36:28 Arcane Tower
37:55 Scout Tower
37:55 Scout Tower
38:19 Scout Tower
38:21 Scout Tower
38:22 Guard Tower
38:30 Guard Tower
38:50 Guard Tower
38:50 Guard Tower
38:53 Town Hall
38:56 Scout Tower
39:19 Guard Tower
39:22 Scout Tower
39:22 Scout Tower
39:23 Scout Tower
39:50 Guard Tower
40:10 Town Hall
40:26 Scout Tower
40:27 Scout Tower
40:27 Scout Tower
40:28 Scout Tower
40:37 Scout Tower
40:38 Scout Tower
40:47 Guard Tower
40:47 Arcane Tower
41:14 Guard Tower
41:19 Guard Tower
41:35 Guard Tower
41:36 Scout Tower
41:38 Scout Tower
41:50 Guard Tower
42:04 Guard Tower
42:04 Guard Tower
45:46 Scout Tower
46:15 Town Hall
46:26 Town Hall
» items
| Scroll of Regeneration | 7 | |
| Lesser Clarity Potion | 5 | |
| Scroll of Town Portal | 7 | |
| Potion of Healing | 4 | |
| Staff of Sanctuary | 2 | |
| Orb of Fire | 1 | |
26 total
Chat log
(00:10 / All) Player 3: hi
(00:13 / All) carloooooooooo: hi
(00:16 / All) Player 1: hello
(20:36 / All) Player 2: great 3 vs 1 lol
(39:04 / All) Player 1: blue
(39:11 / All) Player 1: you seen pink at all?
(39:14 / All) carloooooooooo: y
(39:24 / All) carloooooooooo: u?
(39:36 / All) Player 1: not recently, any idea how big his army is?
(39:47 / All) carloooooooooo: hes got some bats
(39:50 / All) Player 1: not that I would go after them before you, just curious
(40:49 / All) Player 3: come and rape me yellow
(40:54 / All) Player 1: haha :D
(40:55 / All) Player 3: if u can
(41:15 / All) Player 1: busy with blue sorry
(41:24 / All) Player 1: he just can't get enough :D
(43:22 / All) Player 1: forgot to use spirit link ^^
(43:35 / All) Player 1: so I didnt even bother to use wards..
(43:36 / All) carloooooooooo: did lose 1 unit though
(44:32 / All) Player 1: oh wow.. the ai is very stupid..
(44:38 / All) carloooooooooo: ai?
(44:53 / All) Player 1: computer.
(45:04 / All) carloooooooooo: u killed him?
(45:14 / All) Player 1: ofc not. u just raped my army
(45:27 / All) Player 1: but appereantly its a gg for me too.
(45:35 / All) carloooooooooo: ofc
(45:39 / All) carloooooooooo: i have 24k gold
(45:42 / All) carloooooooooo: u?
(45:55 / All) Player 1: having gold doesnt guaranteen win :D
(46:05 / All) carloooooooooo: skills i have enough too
(46:07 / All) carloooooooooo: ^^
(46:09 / All) carloooooooooo: high lvl hero
(46:15 / All) Player 1: but didnt bother to even rebuild army.
(46:18 / All) Player 1: well played.
(46:22 / All) carloooooooooo: gg